 Dungeon Crawl Stone Soup version 0.24-a0-521-g122614bf49 (webtiles) character file.

Game seed: 8158909667833858983

688 Gargoyl the Skirmisher (level 7, -9/59 HPs)
             Began as a Centaur Abyssal Knight on July 28, 2019.
             Was a Priest of Lugonu.
             Killed from afar by Ijyb (13 damage)
             ... with a bolt of acid
             ... on level 4 of the Dungeon.
             The game lasted 00:06:21 (4616 turns).

Gargoyl the Skirmisher (Centaur Abyssal Knight)     Turns: 4616, Time: 00:06:21

Health: -9/59      AC:  9    Str: 17    XL:     7   Next: 36%
Magic:  10/10      EV:  5    Int: 14    God:    Lugonu [***...]
Gold:   145        SH:  0    Dex: 10    Spells: 6/6 levels left

rFire    . . .     SeeInvis .   a - +5 hand axe
rCold    . . .     Gourm    .   (no shield)
rNeg     . . .     Faith    .   p - +0 chain mail
rPois    .         Spirit   .   (no helmet)
rElec    .         Reflect  .   (no cloak)
rCorr    .         Harm     .   q - +0 pair of gloves (curse)
MR       .....                  (no barding)
Stlth    ..........             (no amulet)
HPRegen  0.19/turn              d - +2 ring of strength
MPRegen  0.12/turn              g - +3 ring of intelligence

@: berserk cooldown, slowed
A: large, hooves 3, deformed body, speed 2, tough skin 3
a: Depart the Abyss, Bend Space, Banish, Renounce Religion


You were on level 4 of the Dungeon.
You worshipped Lugonu.
Lugonu was most pleased with you.
You were hungry.

You visited 1 branch of the dungeon, and saw 4 of its levels.
You visited the Abyss 1 time.

You collected 145 gold pieces.

Inventory:

Hand Weapons
 a - a +5 hand axe (weapon)
Armour
 h - a +0 pair of gloves
 p - a +0 chain mail (worn)
 q - a cursed +0 pair of gloves (worn)
Jewellery
 d - a +2 ring of strength (left hand)
 g - a +3 ring of intelligence (right hand)
Wands
 k - a wand of scattershot (4)
Scrolls
 e - a scroll of fear
 j - 2 scrolls of identify
 m - a scroll of teleportation
Potions
 f - a potion of haste {unknown}
 l - a potion of lignification {unknown}
 n - a potion of degeneration {unknown}
 o - 2 potions of heal wounds {unknown}
 r - 3 potions of agility {unknown}
 s - a potion of resistance {unknown}
 t - a potion of curing {unknown}
Comestibles
 c - 6 rations


   Skills:
 + Level 4.2 Fighting
   Level 1.9 Short Blades
 + Level 3.7 Axes
 * Level 3.4 Armour
 * Level 2.1 Dodging
 * Level 4.0 Invocations


You had 6 spell levels left.
You didn't know any spells.
Your spell library was empty.

Dungeon Overview and Level Annotations

Branches:
Dungeon (4/15)
 Temple: D:4-7

Altars:
Cheibriados
Kikubaaqudgha
Makhleb
Nemelex Xobeh
Ru
Trog
Xom
The Shining One

Annotations:
D:4 Ijyb


Innate Abilities, Weirdness & Mutations

You have hooves in place of feet.
Armour fits poorly on your strangely shaped body.
You cover ground very quickly.
You have extremely tough skin. (AC +3)


Message History

The crimson imp hits you but does no damage.
Ijyb zaps a wand.
The bolt of acid hits you!
* * * LOW HITPOINT WARNING * * *
You are splashed with acid!
* * * LOW HITPOINT WARNING * * *
The crimson imp blinks!
Unknown command.
A red film seems to cover your vision as you go berserk!
You feel yourself moving faster!
You feel mighty! The crimson imp barely misses you.
You feel a strong urge to attack something.
You feel your anger nearly subside.
You are no longer berserk.
You are exhausted.
You feel yourself slow down.
The crimson imp picks up a beetle and eats it.
The crimson imp blinks!
There is a stone staircase leading up here.
You are no longer corroded.
Ijyb zaps a wand.
The bolt of acid hits you!
You die...

#### ### #.. ..# #.#
#.# ###.#####.#######
#.....)†.).......
####.#.##)#..######.
#....@..#.#..#
##.##†#.......######.#
#........g....#.......
#..#######.........#
#.##....§###.....###
#.#[.≈≈§§§.##...##..
#.#.≈≈≈§§§g.........≈
#.#%.≈≈§§§.##...##...
##.##.....###.....# #.


You could see Ijyb.

Vanquished Creatures
  2 phantoms (D:4)
  A bullfrog (D:4)
  A crimson imp (D:4)
  A bullfrog skeleton (D:4)
  3 orc wizards (D:3)
  An orc priest (D:4)
  4 worker ants (D:4)
  3 adders
  An ooze (D:2)
  5 worms
  6 dart slugs
  3 leopard geckos
  21 orcs
  3 giant cockroaches
  2 goblins
  5 hobgoblins
  9 jackals
  2 ball pythons (D:4)
  7 bats
  6 frilled lizards
  A goblin zombie (D:4)
  3 hobgoblin zombies (D:4)
  12 kobolds
  2 orc zombies (D:4)
  6 rats
110 creatures vanquished.

Notes
Turn   | Place    | Note
-------+----------+-------------------------------------------
     0 | Abyss:1  | Gargoyl the Centaur Abyssal Knight began the quest for the
                  | Orb.
     0 | Abyss:1  | Reached XP level 1. HP: 19/19 MP: 2/2
     6 | Abyss:1  | Found a corrupted altar of Lugonu.
    68 | Abyss:1  | Noticed a hell hog
    69 | Abyss:1  | Noticed a ynoxinul
    70 | Abyss:1  | Noticed an ancient zyme
    92 | D:1      | Escaped the Abyss
   245 | D:1      | Reached * piety under Lugonu
   380 | D:1      | Reached XP level 2. HP: 26/26 MP: 3/3
   758 | D:1      | Reached skill level 1 in Dodging
  1105 | D:2      | Reached XP level 3. HP: 26/31 MP: 4/4
  1904 | D:2      | Reached XP level 4. HP: 37/38 MP: 5/5
  2232 | D:2      | Reached ** piety under Lugonu
  2894 | D:3      | Found a bloodstained altar of Trog.
  2931 | D:3      | Found an ancient bone altar of Kikubaaqudgha.
  2931 | D:3      | Found a shimmering altar of Xom.
  3090 | D:3      | Reached XP level 5. HP: 42/45 MP: 7/7
  3114 | D:3      | Reached skill level 1 in Short Blades
  3722 | D:3      | Found a snail-covered altar of Cheibriados.
  3832 | D:4      | Noticed a phantom
  3867 | D:4      | Killed a phantom
  3867 | D:4      | Reached XP level 6. HP: 40/52 MP: 8/8
  3973 | D:4      | Reached *** piety under Lugonu
  4033 | D:4      | Found a glowing golden altar of the Shining One.
  4196 | D:4      | Reached XP level 7. HP: 58/59 MP: 9/9
  4240 | D:4      | Found a sacrificial altar of Ru.
  4243 | D:4      | Found a burning altar of Makhleb.
  4397 | D:4      | Found a sparkling altar of Nemelex Xobeh.
  4593 | D:4      | Noticed Ijyb
  4606 | D:4      | HP: 2/59 [acid (14)]
  4616 | D:4      | Killed from afar by Ijyb

Levels and vault maps discovered:
D:1:      scummos_arrival_checkerplants, layout_loops_ring,
          serial_park_tiny_pond, kennysheep_decorative_pillar
D:2:      layout_basic
D:3:      layout_loops_ring, lemuel_doored_altar,
          gammafunk_temple_overflow_wave, bloody_trog
D:4:      layout_loops_cross, minitemple, nicolae_tso_besieged_by_evil,
          nemelex_xobeh_ov_fountains_minmay, minmay_fire_ice_demons, uniq_ijyb

Skill      XL: |  1  2  3  4  5  6  7 |
---------------+----------------------+-----
Axes           | 2 3 |  3.7
Dodging        | 1 2 |  2.1
Armour         | 2 3 |  3.4
Invocations    | 3 4 |  4.0
Short Blades   | 1 |  1.9
Fighting       | 4 |  4.2

Action                   |  1- 3 |  4- 6 |  7- 9 || total
-------------------------+-------+-------+-------++-------
Melee: Hand axe          |    63 |   117 |    51 ||   231
       Kick              |    14 |    23 |    12 ||    49
       Short sword       |    24 |    74 |       ||    98
Invok: Depart the Abyss  |     1 |       |       ||     1
  Use: Scroll            |     6 |     7 |       ||    13
       Potion            |       |       |     1 ||     1
  Eat: Chunk             |     1 |     6 |     2 ||     9
Armor: Leather armour    |    16 |       |       ||    16
       Ring mail         |    19 |    13 |       ||    32
       Chain mail        |       |   108 |    33 ||   141
Dodge: Dodged            |    38 |    57 |    12 ||   107

Table legend:
 A = Non-vault XP
 B = Vault XP
 C = Vault XP percentage of total XP
 D = Non-vault monster count
 E = Vault monster count
 F = Vault count percentage of total count
                 A         B        C        D         E       F
            +---------+---------+-------+---------+---------+-------
      Total |     928 |      56 |   5.7 |     103 |       7 |   6.4
            +---------+---------+-------+---------+---------+-------
        D:1 |      37 |       0 |   0.0 |      19 |       0 |   0.0
        D:2 |      70 |       0 |   0.0 |      25 |       0 |   0.0
        D:3 |     211 |       0 |   0.0 |      29 |       0 |   0.0
        D:4 |     610 |      56 |   8.4 |      30 |       7 |  18.9
            +---------+---------+-------+---------+---------+-------
